 Dungeon Crawl Stone Soup version 0.32-a0-705-g60f233581c (webtiles) character file.

Game seed: 10735225686790668837

28 growler the Chopper (level 3, 0/31 HPs)
             Began as a Mountain Dwarf Berserker on Mar 14, 2024.
             Was a Follower of Trog.
             Succumbed to an adder's poison
             ... on level 2 of the Dungeon.
             The game lasted 00:01:58 (1078 turns).

growler the Chopper (Mountain Dwarf Berserker)      Turns: 1078, Time: 00:01:59

Health: 0/31       AC:  2    Str: 21    XL:     3   Next: 0%
Magic:  3/3        EV: 10    Int:  7    God:    Trog [*.....]
Gold:   55         SH:  0    Dex:  9    Spells: 2/2 levels left

rFire   . . .        a - +0 hand axe
rCold   . . .        (no shield)
rNeg    . . .        b - +0 animal skin
rPois   .            (no helmet)
rElec   .            (no cloak)
rCorr   .            (no gloves)
SInv    .            (no boots)
Will    +....        j - amulet of faith
Stlth   +            (no ring)
HPRegen 0.25/turn    (no ring)
MPRegen 0.08/turn

%: faith
@: lethally poisoned (0 -> 0), on berserk cooldown, enlightened, flying, hasted
and slowed
A: runic magic, artefact enchanting
a: Renounce Religion, Berserk


You were on level 2 of the Dungeon.
You worshipped Trog.
Trog was aware of your devotion.
You visited 1 branch of the dungeon, and saw 2 of its levels.

You collected 55 gold pieces.

Inventory:

Hand Weapons
 a - a +0 hand axe (weapon)
Armour
 b - a +0 animal skin (worn)
Jewellery
 g - an amulet of regeneration
 j - an amulet of faith (around neck)
 l - an amulet of guardian spirit
Scrolls
 c - a scroll of enchant armour {unknown}
 d - a scroll of brand weapon {unknown}
 e - 2 scrolls of identify {unknown}
 f - 2 scrolls of enchant weapon {unknown}
 h - a scroll of poison {unknown}
 k - a scroll of immolation {unknown}


   Skills:
 - Level 3.2 Fighting
 + Level 5.1 Axes
 - Level 2.1 Armour
 - Level 1.3 Dodging


You had 2 spell levels left.
You didn't know any spells.
Your spell library was empty.

Dungeon Overview and Level Annotations

Branches:
Dungeon (2/15)

Altars:


Innate Abilities, Weirdness & Mutations

Your spellcasting is much less encumbered by armour.
You can use scrolls of enchantment on lesser artefacts.


Message History

You are more poisoned.
The adder poisons you!
You hit the adder.
The adder is heavily wounded.
* * * LOW HITPOINT WARNING * * *
You feel sick. The adder barely misses you.
You completely miss the adder.
The adder is heavily wounded.
* * * LOW HITPOINT WARNING * * *
You feel sick.
You closely miss the adder.
The adder is heavily wounded.
* * * LOW HITPOINT WARNING * * *
You feel sick. The adder completely misses you.
You hit the adder.
You kill the adder!
Trog accepts your kill.
* * * LOW HITPOINT WARNING * * *
You feel sick.
Your Axes skill increases to level 5!
You have reached level 3!
Your experience leads to an increase in your attributes!
Increase (S)trength, (I)ntelligence, or (D)exterity?
You feel stronger. x2
Unknown command.
You feel a strong urge to attack something.
You feel sick.
You feel sick.
You feel your anger nearly subside.
You are no longer berserk.
You are exhausted.
You feel yourself slow down.
Unknown command.
It was a potion of haste.
You feel yourself speed up.
* * * LOW HITPOINT WARNING * * *
You feel sick.
Unknown command.
It was a potion of enlightenment.
You feel very buoyant.
You fly up into the air.
You die...

###..## ##...## #..
#.....# ##+## #.. #.###.#
#.. #. #.# .# ##. #
#.##### #.##### #)
#.....# ...).. #.
#######.# ..... #.
......#.##...# #.
#.....#@#...###.#######.
.......#.#†...........>..
###....#.#...###.####.###
##..##..#..# #.# ..#
##........ #.# ###
####.##.# #.## .# ..#
#..# ## #.# ##.# #.#
###.#


There were no monsters in sight!

Vanquished Creatures
  An adder (D:2)
  An endoplasm (D:1)
  2 giant cockroaches
  A goblin (D:2)
  A hobgoblin (D:1)
  3 jackals (D:1)
  A quokka (D:1)
  4 ball pythons
  2 frilled lizards (D:1)
  2 kobolds
  A rat (D:1)
19 creatures vanquished.

Notes
Turn   | Place    | Note
-------+----------+-------------------------------------------
     0 | D:1      | growler the Mountain Dwarf Berserker began the quest for
                  | the Orb.
     0 | D:1      | Reached XP level 1. HP: 19/19 MP: 1/1
   258 | D:1      | Reached skill level 4 in Axes
   556 | D:1      | Reached XP level 2. HP: 11/26 MP: 2/2
  1073 | D:2      | Reached skill level 5 in Axes
  1073 | D:2      | Reached XP level 3. HP: 6/31 MP: 3/3
  1077 | D:2      | HP: 1/31 [poisoned by an adder]
  1078 | D:2      | Succumbed to an adder's poison

Illustrated notes

Levels and vault maps discovered:
D:1:      amcnicky_arrival_feature_with_door, layout_basic
D:2:      layout_loops_corners, serial_co_window_serial, co_window_corner_a,
          co_window_paths_a, co_window_paths_a, co_window_cross_1,
          co_window_corner_a, co_window_corner_ca, co_window_broadway_b,
          co_window_of_opportunity_b, co_window_4corner_a

Skill      XL: |  1  2 |
---------------+-------+-----
Axes           | 4 5 |  5.1
Fighting       | |  3.2
Armour         | |  2.1
Dodging        | |  1.3

Action                     || total
---------------------------++-------
  Melee: Hand axe          ||    58
 Invoke: Berserk           ||     1
    Use: Potion            ||     2
 Armour: Animal skin       ||    57
  Dodge: Dodged            ||    41

Table legend: (Time is in decaauts)
 A = Elapsed time spent in this place.
 B = Non-inter-level travel time spent in this place.
 C = Inter-level travel time spent in this place.
 D = Time resting spent in this place.
 E = Time spent auto-exploring this place.
 F = Levels seen in this place.
 G = Mean time per level.
                   A        B        C        D        E       F      G
               +--------+--------+--------+--------+--------+-----+--------+
         Total |   1080 |   1070 |     10 |      0 |    907 |   2 |  540.0 |
       Dungeon |   1080 |   1070 |     10 |      0 |    907 |   2 |  540.0 |
               +--------+--------+--------+--------+--------+-----+--------+

Top non-repeatable levels by time:
     D:1: 663 daAuts
     D:2: 417 daAuts
